Map: 冰雪合金-天梯版

Players

夜蝶蝶蝶蝶蝶蝶蝶 (Firefly) - Winner!

  • Race: Protoss Protoss

JieShi

  • Race: Protoss Protoss

Event: DreamHack SC2 Masters 2020 Summer China

VOD

Have the link to the VOD?

Description

Time

  • Played on: July 2, 2020, 7:34 a.m.
  • Length: 17:43

All games in this series

Show
View Real Time Build Order
Export as new Build Order

夜蝶蝶蝶蝶蝶蝶蝶 Protoss - Winner!

Build Orders: Phoenix Opening, Blink Stalkers 

Get SALT Encoding   

  12  0:00  Probe  
  13  0:12  Probe  
  14  0:17  Pylon  
  14  0:24  Probe  
  15  0:33  Probe  
  15  0:35  Gateway  
  15  0:41  Probe  
  16  0:46  Assimilator  
  17  0:51  Probe  
  17  0:55  Assimilator  
  18  1:03  Probe  
  19  1:10  Gateway  
  19  1:15  Probe  
  20  1:22  Cybernetics Core  
  20  1:23  Probe  
  20  1:31  Probe  
  21  1:35  Pylon  
  22  1:41  Probe  
  23  1:53  Probe  
  24  1:59  Stalker  
  24  2:01  Stalker  
  28  2:04  Warp Gate  
  28  2:13  Pylon  
  28  2:30  Stalker  
  28  2:31  Stalker  
  32  2:42  Probe  
  32  3:00  Nexus  
  34  3:05  Sentry  
  34  3:06  Sentry  
  36  3:16  Probe  
  37  3:22  Pylon  
  37  3:25  Twilight Council  
  37  3:29  Probe  
  38  3:37  Shield Battery  
  38  3:40  Phoenix  
  38  3:43  Probe  
  37  3:54  Probe  
  37  3:56  Forge  
  37  3:58  Blink  
  38  4:04  Probe  
  38  4:07  Sentry  
  38  4:08  Probe  
  41  4:12  Probe  
  41  4:16  Probe  
  43  4:18  Protoss Ground Weapons Level 1  
  43  4:20  Probe  
  44  4:27  Probe  
  44  4:28  Phoenix, Probe  
  46  4:35  Probe  
  47  4:38  Probe  
  47  4:43  Probe  
  49  4:49  Gateway, Robotics Facility  
  49  4:52  Probe  
  51  4:58  Probe  
  52  5:05  Pylon, Probe  
  53  5:08  Pylon  
  53  5:10  Probe  
  54  5:20  Probe  
  55  5:21  Nexus  
  55  5:28  Probe  
  55  5:31  Assimilator  
  55  5:32  Assimilator  
  55  5:33  Stalker  
  55  5:35  Stalker  
  60  5:41  Observer, Probe  
  62  5:48  Stalker  
  64  5:59  Adept x2  
  64  6:01  Probe x2  
  70  6:05  Immortal  
  70  6:09  Pylon  
  74  6:11  Stalker  
  74  6:13  Probe  
  74  6:15  Probe  
  78  6:19  Protoss Ground Weapons Level 2  
  78  6:23  Pylon  
  78  6:25  Phoenix  
  78  6:28  Stalker x2  
  78  6:29  Probe  
  80  6:43  Gateway x2  
  80  6:46  Gateway  
  79  6:50  Immortal  
  83  6:55  Gateway  
  83  6:59  Gateway  
  83  7:05  Templar Archives  
  83  7:06  Probe x2  
  83  7:08  Probe  
  86  7:11  Shield Battery  
  86  7:16  Pylon  
  86  7:19  Probe x2  
  86  7:20  Probe  
  89  7:25  Photon Cannon  
  89  7:29  Observer  
  86  7:31  Probe x2  
  86  7:34  Stalker  
  82  7:41  Probe  
  82  7:43  Observer, Probe x2  
  79  7:53  Probe  
  79  7:55  Probe  
  81  8:05  Stalker x3  
  86  8:06  Probe  
  87  8:14  Probe x2  
  87  8:18  Probe  
  90  8:26  Probe x2  
  92  8:29  High Templar x2  
  92  8:30  Assimilator  
  92  8:31  Photon Cannon  
  96  8:35  Probe  
  96  8:36  Phoenix, Archon  
  96  8:37  Assimilator  
  97  8:43  Probe, Pylon x2  
  97  8:45  Probe  
  97  8:47  High Templar  
  101  8:51  Pylon  
  101  8:52  Protoss Ground Weapons Level 3  
  101  8:54  Pylon  
  101  8:56  Pylon  
  101  8:59  Pylon  
  101  9:00  Pylon  
  101  9:05  Probe x2  
  102  9:10  Probe  
  102  9:14  High Templar  
  106  9:17  Pylon, Probe  
  106  9:20  Archon  
  106  9:21  Warp Prism  
  106  9:26  Shield Battery  
  106  9:28  Shield Battery  
  106  9:37  Photon Cannon  
  108  9:39  High Templar x2  
  108  9:45  Archon, High Templar x2  
  112  9:50  Archon  
  116  9:54  Zealot x4  
  101  10:18  Zealot x4  
  101  10:19  Zealot x4  
  101  10:20  Probe x2  
  119  10:35  Observer  
  119  10:38  High Templar x3  
  119  10:39  High Templar x2  
  119  10:40  High Templar, Zealot x2  
  119  10:42  Archon x2  
  135  10:47  Archon  
  135  10:55  Photon Cannon, Observer  
  133  11:03  Zealot  
  136  11:09  Zealot  
  138  11:14  Nexus  
  138  11:16  Pylon  
  138  11:24  Charge  
  138  11:27  Protoss Shields Level 1  
  136  11:37  Observer  
  115  11:43  Photon Cannon  
  114  11:50  High Templar x4, Zealot x4  
  114  11:51  Immortal  
  126  11:59  Archon  
  126  12:00  Archon  
  126  12:05  Probe x3  
  126  12:08  Shield Battery  
  133  12:12  Assimilator  
  133  12:15  Assimilator  
  133  12:20  Photon Cannon  
  133  12:21  High Templar x2, Zealot x2  
  133  12:22  Zealot x4  
  149  12:24  Robotics Bay  
  149  12:26  Robotics Facility  
  149  12:27  Archon  
  149  12:41  Immortal, Probe  
  149  12:42  Probe  
  155  12:51  High Templar  
  155  12:52  High Templar, Zealot x4  
  155  12:55  Sentry  
  155  12:56  Archon  
  155  12:57  Probe x2  
  155  12:58  Probe x2  
  173  13:02  Disruptor  
  173  13:11  Zealot  
  175  13:16  Zealot x4  
  186  13:23  Pylon  
  186  13:25  Pylon  
  186  13:27  Pylon  
  186  13:30  Disruptor  
  186  13:32  Zealot  
  188  13:38  Observer  
  172  13:45  Zealot x5  
  170  13:57  Pylon  
  170  14:00  Observer  
  170  14:02  Disruptor  
  171  14:05  Dark Shrine  
  174  14:12  Zealot x2  
  174  14:13  Zealot x4  
  186  14:20  Pylon  
  184  14:33  Disruptor  
  174  14:43  Disruptor  
  170  14:49  Zealot  
  170  14:50  Zealot x7  
  182  15:08  Disruptor, Nexus  
  185  15:19  Dark Templar x4, Disruptor  
  185  15:20  Dark Templar x2  
  196  15:35  Zealot  
  196  15:36  Zealot  
  174  16:04  Stalker x5, Zealot x3  
  168  16:09  Colossus x2  
  184  16:45  Stalker x3, Zealot x4  
  184  16:46  Zealot  
  189  17:21  Dark Templar x5  
  199  17:35  Gateway  
  189  17:40  Gateway x2  
Show
View Real Time Build Order
Export as new Build Order

JieShi Protoss 

Build Orders:  

Get SALT Encoding   

  12  0:00  Probe  
  13  0:13  Probe  
  14  0:17  Pylon  
  14  0:24  Probe  
  15  0:32  Probe  
  15  0:37  Gateway  
  15  0:40  Probe  
  16  0:46  Assimilator  
  17  0:51  Probe  
  17  0:54  Assimilator  
  18  0:59  Probe  
  19  1:07  Gateway  
  19  1:08  Probe  
  19  1:18  Probe  
  20  1:24  Cybernetics Core  
  21  1:30  Probe  
  22  1:34  Pylon  
  22  1:42  Probe  
  23  1:52  Warp Gate  
  24  1:54  Probe  
  24  2:01  Adept x2  
  26  2:07  Pylon  
  28  2:10  Shield Battery  
  28  2:31  Sentry x2  
  31  2:43  Nexus  
  31  2:44  Probe  
  31  2:45  Shield Battery  
  32  2:56  Probe  
  33  3:01  Stalker  
  33  3:07  Stalker  
  36  3:19  Robotics Facility  
  35  3:20  Pylon  
  35  3:27  Shield Battery  
  35  3:29  Probe  
  36  3:41  Sentry  
  37  3:43  Probe  
  38  3:50  Stalker  
  38  3:55  Shield Battery, Probe  
  41  3:57  Probe  
  41  4:01  Observer  
  42  4:07  Probe  
  42  4:08  Probe  
  45  4:13  Twilight Council  
  45  4:15  Probe  
  45  4:16  Probe  
  45  4:23  Probe  
  47  4:24  Probe  
  49  4:33  Probe  
  49  4:35  Probe  
  49  4:36  Forge  
  51  4:39  Blink  
  51  4:45  Probe  
  51  4:47  Probe  
  53  4:57  Assimilator, Probe  
  53  4:59  Assimilator, Probe  
  55  5:07  Pylon  
  55  5:10  Probe x2  
  55  5:11  Protoss Ground Weapons Level 1  
  57  5:15  Pylon  
  57  5:18  Probe  
  57  5:20  Stalker  
  59  5:22  Probe  
  59  5:25  Warp Prism  
  59  5:26  Probe  
  61  5:31  Pylon  
  61  5:34  Probe  
  61  5:35  Pylon  
  63  5:39  Probe  
  66  5:53  Nexus  
  64  5:58  Dark Shrine  
  64  6:01  Gateway  
  64  6:10  Gateway  
  64  6:14  Gateway  
  64  6:16  Gateway  
  64  6:27  Immortal, Stalker x2  
  68  6:36  Probe x2  
  72  6:45  Pylon  
  72  6:55  Nexus  
  72  7:01  Protoss Ground Weapons Level 2  
  72  7:10  Dark Templar  
  72  7:11  Dark Templar x2  
  72  7:13  Dark Templar x2  
  72  7:15  Immortal  
  86  7:20  Charge  
  86  7:38  Gateway  
  86  7:39  Gateway  
  84  7:44  Warp Prism  
  80  7:58  Sentry, Stalker  
  86  7:59  Gateway  
  84  8:06  Probe x2  
  84  8:09  Photon Cannon  
  84  8:10  Shield Battery  
  84  8:12  Pylon  
  86  8:19  Dark Templar  
  88  8:20  Dark Templar  
  88  8:21  Dark Templar, Zealot x3  
  88  8:25  Gateway  
  88  8:26  Archon  
  98  8:29  Probe  
  98  8:30  Probe x2  
  101  8:35  Pylon  
  101  8:44  Dark Templar  
  101  8:46  Probe  
  101  8:47  Probe x2  
  106  8:53  Archon  
  106  8:54  Dark Templar x2, Zealot  
  112  8:59  Dark Templar  
  112  9:00  Archon  
  114  9:04  Archon  
  114  9:08  Zealot  
  114  9:09  Zealot  
  116  9:12  Pylon  
  116  9:15  Pylon  
  116  9:18  Pylon  
  116  9:21  Pylon  
  116  9:30  Dark Templar  
  116  9:31  Dark Templar, Zealot x2  
  122  9:35  Archon, Zealot x2  
  128  9:38  Zealot  
  128  9:39  Zealot  
  130  9:47  Zealot x2  
  80  10:18  Probe x2  
  80  10:19  Probe  
  80  10:21  Assimilator  
  67  10:23  Robotics Bay  
  67  10:24  Dark Templar x2  
  67  10:25  Dark Templar x2, Assimilator  
  67  10:26  Zealot  
  67  10:27  Zealot x5  
  87  10:28  Immortal  
  87  10:29  Observer  
  87  10:30  Archon x2  
  87  10:32  Shield Battery, Probe  
  87  10:33  Probe x2  
  87  10:35  Shield Battery  
  94  10:49  Dark Templar x2  
  98  10:54  Zealot x3  
  96  10:58  Dark Templar  
  96  11:01  Zealot  
  96  11:05  Dark Templar  
  96  11:06  Zealot  
  100  11:12  Dark Templar  
  102  11:21  Disruptor  
  102  11:22  Dark Templar, Zealot  
  102  11:23  Zealot x3  
  101  11:40  Stalker  
  101  11:41  Stalker x2  
  107  11:51  Probe, Robotics Facility  
  107  11:53  Disruptor  
  107  11:54  Observer  
  104  11:58  Dark Templar  
  108  12:09  Archon  
  108  12:11  Archon  
  108  12:13  Pylon  
  108  12:16  Nexus  
  108  12:17  Zealot  
  108  12:18  Zealot x2  
  108  12:20  Disruptor  
  108  12:22  Stalker x3  
  116  12:26  Photon Cannon  
  116  12:27  Protoss Ground Weapons Level 3  
  123  12:33  Disruptor  
  123  12:34  Photon Cannon  
  123  12:36  Shield Battery  
  126  12:48  Warp Prism  
  126  12:50  Probe x3  
  129  13:09  Templar Archives  
  129  13:10  Disruptor  
  129  13:12  Stalker  
  134  13:13  Stalker  
  129  13:36  Disruptor  
  118  13:43  Stalker x3  
  118  13:44  Stalker  
  126  13:49  Stalker x3  
  126  13:53  Stalker x3  
  138  14:01  Disruptor  
  138  14:06  Stalker  
  138  14:12  Pylon  
  138  14:13  Pylon  
  138  14:15  Pylon  
  141  14:21  Pylon  
  141  14:23  Pylon  
  133  14:34  Zealot x2, Pylon  
  133  14:35  Stalker, Zealot  
  137  14:43  Photon Cannon  
  137  14:45  Stalker  
  135  14:49  Stalker  
  137  14:57  Observer  
  137  14:58  Stalker, Disruptor  
  143  15:04  High Templar x2  
  143  15:06  Stalker  
  149  15:09  Archon  
  149  15:10  Stalker  
  149  15:14  Stalker  
  153  15:32  Zealot  
  153  15:33  Zealot x3  
  161  15:37  Zealot x2  
  161  15:40  Zealot  
  157  15:55  High Templar x3  
  157  15:56  High Templar  
  159  16:02  Archon x2  
  149  16:07  Photon Cannon  
  149  16:08  Photon Cannon  
  149  16:16  Stalker x2  
  153  16:23  Disruptor  
  150  16:30  Stalker  
  139  16:43  Stalker  
  125  17:09  Stalker x2  
  120  17:17  Stalker  
  122  17:27  Stalker  
Tags
 
Add a new tag
Caveats
  • Supply blocks, unpowered buildings, or Contaminate may cause inaccurate times.
  • Supply counts are checked every 10 seconds.